 Dungeon Crawl Stone Soup version 0.20-a0-947-g2784f4f (webtiles) character file.

25 nikopol the Skirmisher (level 3, -11/24 HPs)
             Began as a Gargoyle Berserker on Apr 3, 2017.
             Was a Follower of Trog.
             Splashed by an oklob plant's acid (14 damage)
             ... on level 2 of the Dungeon.
             The game lasted 00:02:09 (1348 turns).

nikopol the Skirmisher (Gargoyle Berserker)         Turns: 1348, Time: 00:02:10

Health: -11/24     AC:  4    Str: 20    XL:     3   Next: 4%
Magic:  3/3        EV: 11    Int:  7    God:    Trog [*.....]
Gold:   61         SH:  0    Dex: 10    Spells: 2/2 levels left

rFire    . . .     SeeInvis .   a - +0 hand axe
rCold    . . .     Gourm    .   (no shield)
rNeg     + . .     Faith    .   l - +0 ring mail
rPois    ∞         Spirit   .   (no helmet)
rElec    +         Reflect  .   (no cloak)
rCorr    .         Harm     .   (no gloves)
MR       .....                  (no boots)
Stlth    ..........             (no amulet)
Regen    0.1/turn               (no ring)
MPRegen  0.1/turn               (no ring)

@: corroded
A: negative energy resistance 1, electricity resistance, unbreathing,
petrification resistance, rot immunity, AC +3
a: Berserk, Burn Spellbooks, Renounce Religion


You were on level 2 of the Dungeon.
You worshipped Trog.
Trog was aware of your devotion.
You were very hungry.

You visited 1 branch of the dungeon, and saw 2 of its levels.

You collected 61 gold pieces.

Inventory:

Hand Weapons
 a - a +0 hand axe (weapon)
Missiles
 e - 29 arrows (quivered)
Armour
 b - a +0 animal skin
 l - a +0 ring mail (worn)
Scrolls
 g - a scroll of remove curse {unknown}
 h - 2 scrolls of identify {unknown}
 k - a scroll of teleportation {unknown}
 o - a scroll of immolation {unknown}
Potions
 d - a potion of heal wounds {unknown}
 f - a potion of flight {unknown}
 i - a potion of might {unknown}
 j - a potion of haste {unknown}
 m - a potion of invisibility {unknown}
Comestibles
 c - a bread ration


   Skills:
 + Level 3.7 Fighting
 + Level 2.8 Axes
 + Level 2.5 Armour
 + Level 2.1 Dodging


You had 2 spell levels left.
You didn't know any spells.

Dungeon Overview and Level Annotations

Branches:
Dungeon (2/15)

Altars:
Fedhas

Annotations:
D:2 exclusion: oklob plant


Innate Abilities, Weirdness & Mutations

You are resistant to torment.
Your stone body is resilient. (AC +3)
You are immune to poison.
You resist negative energy. (rN+)
You are resistant to electric shocks. (rElec)
You can survive without breathing.
You are immune to petrification.
You are immune to rotting.


Message History

You hit the fungus. The oklob plant spits acid at you.
The splash of acid misses you.
The splash of acid hits the plant.
The plant is splashed with acid.
You slash the fungus!
The fungus is moderately damaged.
You hit the fungus. You hit the plant but do no damage. x2
You hit the fungus. The oklob plant spits acid at you.
The splash of acid hits you!
You are splashed with acid!
The acid burns!
You hit the fungus.
The fungus is heavily damaged.
You hit the fungus. You hit the plant but do no damage. You hit the plant.
You hit the fungus. The oklob plant spits acid at you.
The splash of acid hits you!
* * * LOW HITPOINT WARNING * * *
The acid corrodes you!
You are splashed with acid!
The acid burns!
Ouch! That really hurt!
You die...

########## #........#
########## #########
..######.#####PP.P.P.P♣
#P#.PP♣P# ###
#.......##PP...PP♣♣♣PP.#.PPP
#....##.#♣P..PP♣P♣P♣PP♣.P..P
#..#.# #P%%#PP.P♣♣P#P.PP..P
#....# .#♣P%PP.♣.......PP##.
##
#.##.##.##P@..P..≈≈≈≈≈..PP..
.#
##.......#.PP.♣..≈≈≈≈≈≈≈..P♣.
.#
#...<...##♣PPP..≈≈≈≈≈≈≈≈≈...P
.#
#.###.#.##PPP#.≈≈≈≈≈≈≈≈≈≈≈..P
.#
#.###.#.##♣P#P.≈≈≈≈...≈≈≈≈.##
.#
#.##..#.##PPPP......_.≈≈≈≈...
##
#.##.##.##PPPP.≈≈≈≈...≈≈≈≈.##
#.##.##.##.#P♣.≈≈≈≈≈≈≈≈≈≈≈.#
###
#.......###.#...≈≈≈≈≈≈≈≈≈..P


You could see an oklob plant.

Vanquished Creatures
  A leopard gecko (D:2)
  A bat (D:1)
  3 giant cockroaches (D:1)
  6 hobgoblins
  2 kobolds (D:1)
  2 frilled lizards
  3 goblins
  3 rats (D:1)
  12 fungi (D:2)
  4 plants (D:2)
  A toadstool (D:2)
38 creatures vanquished.

Vanquished Creatures (others)
  12 toadstools (D:2)
12 creatures vanquished.

Grand Total: 50 creatures vanquished

Notes
Turn   | Place    | Note
-------+----------+-------------------------------------------
     0 | D:1      | nikopol the Gargoyle Berserker began the quest for the Orb.
     0 | D:1      | Reached XP level 1. HP: 14/14 MP: 1/1
   204 | D:1      | Reached XP level 2. HP: 19/19 MP: 2/2
   995 | D:2      | Reached XP level 3. HP: 21/24 MP: 3/3
  1071 | D:2      | Found a blossoming altar of Fedhas.
  1275 | D:2      | Noticed an oklob plant
  1348 | D:2      | Splashed by an oklob plant's acid

Vault maps used:
D:1:      dpeg_arrival_water_temple_mockup
D:2:      tgw_fedhas, grunt_ministairs_6

Skill      XL: |  1  2 |
---------------+-------+-----
Dodging        | 2 |  2.1
Fighting       | |  3.7
Axes           | |  2.8
Armour         | |  2.5

Action                   || total
-------------------------++-------
Melee: Hand axe          ||   311
  Eat: Chunk             ||     1
Armor: Animal skin       ||    15
       Ring mail         ||     5
Dodge: Dodged            ||    36
